 Dungeon Crawl Stone Soup version 0.26-a0-708-g17f3b19 (webtiles) character file.

Game seed: 15214734720435488222

11876 BarneyGumball the Arsonist (level 11, -4/64 HPs)
             Began as a Deep Elf Fire Elementalist on Oct 28, 2020.
             Was an Elder of Vehumet.
             Slain by an eight-headed hydra (7 damage)
             ... on level 2 of the Lair of Beasts.
             The game lasted 00:46:14 (14929 turns).

BarneyGumball the Arsonist (DEFE)                  Turns: 14929, Time: 00:46:14

Health: -4/64      AC: 10    Str:  5    XL:     11   Next: 55%
Magic:  34/34      EV: 14    Int: 30    God:    Vehumet [****..]
Gold:   747        SH:  0    Dex: 15    Spells: 12/26 levels left

rFire    . . .     SeeInvis .   s - +1 dagger (venom)
rCold    + . .     Faith    .   (no shield)
rNeg     . . .     Spirit   .   q - +2 robe {rC+}
rPois    .         Reflect  .   (no helmet)
rElec    .         Harm     .   c - +1 cloak
rCorr    .         Rampage  .   o - +2 pair of gloves
MR       +....                  K - +0 pair of boots
Stlth    ++........             j - amulet of magic regeneration
HPRegen  0.20/turn              k - ring of magical power
MPRegen  0.49/turn              I - +6 ring of intelligence

@: no status effects
A: no striking features
a: Renounce Religion


You were on level 2 of the Lair of Beasts.
You worshipped Vehumet.
Vehumet was greatly pleased with you.
You visited 2 branches of the dungeon, and saw 12 of its levels.

You collected 747 gold pieces.

Inventory:

Hand Weapons
 s - a +1 dagger of venom (weapon)
 u - a +4 short sword
Armour
 c - a +1 cloak (worn)
 o - a +2 pair of gloves (worn)
 q - a +2 robe of cold resistance (worn)
 K - a +0 pair of boots (worn)
Jewellery
 j - an amulet of magic regeneration (around neck)
 k - a ring of magical power (left hand)
 t - an uncursed ring of resist corrosion
 I - a +6 ring of intelligence (right hand)
Wands
 z - a wand of polymorph (17)
 J - a wand of enslavement (9)
 M - a wand of disintegration (20)
Scrolls
 b - 5 scrolls of magic mapping
 d - 3 scrolls of amnesia
 e - 4 scrolls of teleportation
 f - 7 scrolls of remove curse
 g - a scroll of random uselessness {unknown}
 m - 3 scrolls of enchant armour
 n - a scroll of enchant weapon {unknown}
 p - a scroll of identify
 r - a scroll of torment {unknown}
 v - a scroll of brand weapon {unknown}
 y - a scroll of fear {unknown}
 A - a scroll of immolation {unknown}
 F - 2 scrolls of blinking {unknown}
 L - 2 scrolls of fog {unknown}
Potions
 a - 2 potions of haste
 i - 3 potions of cancellation
 l - 3 potions of curing
 w - a potion of mutation
 x - a potion of brilliance {unknown}
 B - a potion of magic
 C - a potion of might
 D - 4 potions of lignification
 E - 2 potions of resistance {unknown}
 G - a potion of invisibility
 H - a potion of stabbing {unknown}


   Skills:
 * Level 5.5 Fighting
 + Level 2.0 Armour
 + Level 4.0 Dodging
 - Level 2.4 Stealth
 - Level 8.0 Spellcasting
 - Level 12.0 Conjurations
 - Level 12.4 Fire Magic


You had 12 spell levels left.
You knew the following spells:

 Your Spells              Type           Power        Failure   Level
a - Foxfire               Conj/Fire      ####         1%          1
b - Conjure Flame         Conj/Fire      ######..     1%          3
c - Sticky Flame          Conj/Fire      ######..     1%          4
d - Fireball              Conj/Fire      ######....   1%          5
e - Shock                 Conj/Air       ####         1%          1

Your spell library contained the following spells:

 Spells                   Type           Power        Failure   Level
 Stone Arrow              Conj/Erth      #####.       1%          3
 Magic Dart               Conj           ####         1%          1
 Searing Ray              Conj           ######       1%          2
 Dazzling Flash           Conj/Hex       #####.       1%          3
 Inner Flame              Hex/Fire       #####...     1%          3
 Fulminant Prism          Conj/Hex       #####.....   1%          4
 Iskenderun's Mystic Bla  Conj/Tloc      #####...     1%          4
 Confusing Touch          Hex            ##......     13%         3
 Gell's Gravitas          Tloc           ##........   13%         3
 Yara's Violent Unravell  Hex/Tmut       ##........   28%         5
 Freezing Cloud           Conj/Ice/Air   #####.....   30%         6
 Ice Form                 Ice/Tmut       ##......     38%         4
 Petrify                  Tmut/Erth      ##......     38%         4
 Metabolic Englaciation   Hex/Ice        ##........   75%         5
 Summon Demon             Summ           ##........   75%         5
 Summon Forest            Summ/Tloc      ##........   75%         5
 Summon Mana Viper        Hex/Summ       ##......     75%         5
 Ozocubu's Refrigeration  Ice            ##........   82%         6
 Shadow Creatures         Summ           N/A          100%        6
 Simulacrum               Ice/Necr       ##........   100%        6
 Summon Hydra             Summ           ##........   100%        7


Dungeon Overview and Level Annotations

Branches:
Dungeon (10/15)            Temple (0/1) D:5            Lair (2/6) D:8
    Orc (0/2) D:9
  Swamp: Lair:2-4    Shoals: Lair:2-4     Snake: Lair:2-4    Spider: Lair:2-4

Altars:
Ashenzari
Cheibriados
Fedhas
Kikubaaqudgha
Okawaru
Ru
Vehumet
Wu Jian
Xom
Yredelemnul
The Shining One

Shops:
D:9 [(

Annotations:
D:3 3 runed translucent doors, lyrin's ghost, amateur HuHu
D:6 2 transporters, alcopop's ghost, novice OpAM
D:7 Menkaure
D:9 1 runed translucent door


Message History

The eight-headed hydra bites you.
The eight-headed hydra burns!
The eight-headed hydra burns!
The eight-headed hydra burns!
The eight-headed hydra burns!
The eight-headed hydra burns!
You feel much better.
The eight-headed hydra burns!
The eight-headed hydra barely misses you.
The eight-headed hydra bites you.
The eight-headed hydra closely misses you.
The eight-headed hydra bites you. The eight-headed hydra bites you!
The eight-headed hydra closely misses you.
The eight-headed hydra bites you. The eight-headed hydra bites you!
* * * LOW HITPOINT WARNING * * *
The eight-headed hydra burns!
The eight-headed hydra bites you.
* * * LOW HITPOINT WARNING * * *
The eight-headed hydra bites you!
* * * LOW HITPOINT WARNING * * *
The eight-headed hydra bites you!
You die...

.............# #.....
.............# #....#
#P#.#..#.....## ## ... ##..##
#.###.....##.#..... ##... ##
##........#.... ##...
###......#......####P...
##...P..#.#.......#P..†.)
##..#...D.................
###P.......@#.P.............
#.......#....##.............
###.#..........P............
##.#.###......P............
#####...####...P.....#.....P...
#..............#...............
#.####..........#.......#..#...
P..#P...........##....#......
.........#.#.#...##....#..#...


You could see an eight-headed hydra (burning).

Vanquished Creatures
  A hydra (Lair:1)
  A two-headed ogre (D:10)
  An ugly thing (D:9)
  4 cane toads
  A komodo dragon (Lair:1)
  A rime drake (Lair:2)
  A troll (D:10)
  3 blink frogs (Lair:1)
  A shadow (D:9)
  2 wraiths
  13 yaks
  A wyvern (D:9)
  A basilisk (Lair:1)
  Edmund (D:6)
  2 water moccasins
  An orc warrior (D:9)
  2 black bears
  A hornet zombie (D:9)
  A sky beast (D:5)
  An ice beast (D:8)
  8 ogres
  A phantom (D:9)
  3 wolves (Lair:1)
  6 centaurs
  10 bullfrogs
  3 scorpions
  9 killer bees
  A troll zombie (D:9)
  5 wights (D:9)
  A howler monkey (D:3)
  A crimson imp (D:4)
  A bullfrog zombie (D:7)
  4 orc priests
  2 bullfrog skeletons
  5 hounds
  3 jellies
  3 centaur zombies
  A gnoll shaman (D:7)
  6 orc wizards
  6 worker ants
  5 ogre zombies (D:9)
  A hound skeleton (D:4)
  8 gnolls
  5 adders
  2 shadow imps
  2 white imps
  3 ufetubi
  An ooze (D:5)
  3 worms
  2 dart slugs (D:4)
  2 leopard geckos
  28 orcs
  4 giant cockroaches
  9 goblins
  8 hobgoblins
  12 jackals
  4 quokkas
  A ball python (D:5)
  7 bats
  4 frilled lizards
  2 goblin skeletons (D:9)
  2 goblin zombies (D:9)
  4 hobgoblin zombies
  6 kobolds
  A kobold skeleton (D:4)
  A kobold zombie (D:4)
  A leopard gecko skeleton (D:4)
  7 orc skeletons
  11 orc zombies
  2 quokka skeletons
  9 rats
276 creatures vanquished.

Vanquished Creatures (collateral kills)
  4 foxfires
4 creatures vanquished.

Vanquished Creatures (others)
  1119 foxfires
  2 fungi
  16 plants
1137 creatures vanquished.

Grand Total: 1417 creatures vanquished

Notes
Turn   | Place    | Note
-------+----------+-------------------------------------------
     0 | D:1      | BarneyGumball the Deep Elf Fire Elementalist began the
                  | quest for the Orb.
     0 | D:1      | Reached XP level 1. HP: 10/10 MP: 6/6
   324 | D:1      | Reached XP level 2. HP: 15/15 MP: 8/8
  1516 | D:1      | Reached XP level 3. HP: 19/19 MP: 9/9
  1736 | D:2      | Found a blossoming altar of Fedhas.
  3274 | D:3      | Reached XP level 4. HP: 24/24 MP: 11/11
  3518 | D:4      | Found an ornate altar of the Wu Jian Council.
  3525 | D:3      | Learned a level 3 spell: Conjure Flame
  3534 | D:3      | Learned a level 4 spell: Sticky Flame
  3602 | D:3      | Found a radiant altar of Vehumet.
  3610 | D:3      | Became a worshipper of Vehumet
  3688 | D:3      | Found a runed translucent gate.
  3688 | D:3      | Found a runed translucent gate.
  3688 | D:3      | Found a runed translucent gate.
  3689 | D:3      | Noticed lyrin's ghost (amateur HuHu)
  4150 | D:3      | Reached XP level 5. HP: 25/28 MP: 13/13
  4310 | D:4      | Noticed an ogre
  4322 | D:3      | Reached skill level 5 in Fire Magic
  4370 | D:4      | Reached XP level 6. HP: 32/32 MP: 14/14
  4378 | D:4      | Reached * piety under Vehumet
  4378 | D:4      | Offered knowledge of Shock by Vehumet.
  4459 | D:4      | Found a glowing golden altar of the Shining One.
  4594 | D:3      | Learned a level 1 spell: Shock
  4882 | D:4      | Reached skill level 5 in Spellcasting
  5202 | D:4      | Reached skill level 5 in Conjurations
  5446 | D:5      | Entered Level 5 of the Dungeon
  5446 | D:5      | Noticed a sky beast
  5483 | D:5      | Reached XP level 7. HP: 36/36 MP: 16/16
  5723 | D:5      | Reached XP level 8. HP: 18/41 MP: 19/19
  5958 | D:5      | Found a staircase to the Ecumenical Temple.
  6518 | D:6      | Found a transporter.
  6519 | D:6      | Got a flickering copper ring
  6521 | D:6      | Identified the ring "Motzoirgh" {Str+6 Dex+4} (You found it
                  | on level 6 of the Dungeon)
  6529 | D:6      | Noticed alcopop's ghost (novice OpAM)
  6550 | D:6      | Noticed Edmund
  6559 | D:6      | Killed Edmund
  6777 | D:6      | Found a transporter.
  7685 | D:7      | Noticed Menkaure
  8403 | D:7      | Reached ** piety under Vehumet
  8549 | D:8      | Found a staircase to the Lair.
  8558 | D:8      | Reached XP level 9. HP: 45/45 MP: 22/22
  8587 | D:8      | Offered knowledge of Sandblast by Vehumet.
  9195 | D:8      | Offered knowledge of Ignite Poison by Vehumet.
 10071 | D:9      | Reached skill level 1 in Fighting
 10284 | D:9      | Found Molaog's Armour Shop.
 10322 | D:9      | Reached skill level 10 in Fire Magic
 10472 | D:9      | Found Lieruu's Antique Weapon Shoppe.
 10510 | D:9      | Noticed a green ugly thing
 10546 | D:9      | Killed a green ugly thing
 10693 | D:9      | Reached *** piety under Vehumet
 10813 | D:9      | Found a broken altar of Ashenzari.
 10818 | D:9      | Found an iron altar of Okawaru.
 10819 | D:9      | Found a shimmering altar of Xom.
 10819 | D:9      | Found a basalt altar of Yredelemnul.
 10820 | D:9      | Found a snail-covered altar of Cheibriados.
 10837 | D:9      | Reached skill level 10 in Conjurations
 10845 | D:9      | Reached XP level 10. HP: 35/53 MP: 24/24
 11067 | D:9      | Found an ancient bone altar of Kikubaaqudgha.
 11098 | D:9      | Offered knowledge of Olgreb's Toxic Radiance by Vehumet.
 11105 | D:9      | Learned a level 5 spell: Fireball
 11326 | D:9      | Found a staircase to the Orcish Mines.
 11341 | D:9      | Reached **** piety under Vehumet
 11395 | D:9      | Offered knowledge of Stone Arrow by Vehumet.
 11894 | D:9      | Found a sacrificial altar of Ru.
 12034 | D:9      | Found a runed translucent door.
 12034 | D:9      | Noticed a fire dragon
 12034 | D:9      | Noticed a sphinx
 12036 | D:9      | Noticed a frost giant
 12036 | D:9      | Noticed a fire dragon
 12036 | D:9      | Noticed a white very ugly thing
 12076 | D:10     | Entered Level 10 of the Dungeon
 12082 | D:10     | Noticed a two-headed ogre
 12192 | D:10     | Killed a two-headed ogre
 12975 | D:10     | Reached XP level 11. HP: 60/60 MP: 23/25
 13098 | Lair:1   | Entered Level 1 of the Lair of Beasts
 13515 | Lair:1   | Noticed a six-headed hydra
 13548 | Lair:1   | Killed a six-headed hydra
 13822 | Lair:1   | Reached skill level 1 in Armour
 13832 | Lair:1   | Reached ***** piety under Vehumet
 13832 | Lair:1   | Reached skill level 5 in Fighting
 14918 | Lair:2   | Noticed an eight-headed hydra
 14929 | Lair:2   | HP: 3/64 [eight-headed hydra (11)]
 14929 | Lair:2   | Slain by an eight-headed hydra

Illustrated notes

Levels and vault maps discovered:
D:1:      dpeg_arrival_rooms_c, layout_basic, minmay_hedge_maze,
          minmay_statues_item, minmay_cut_off
D:2:      layout_basic, fedhas_altar_2, hex_intersection
D:3:      layout_loops_ring, vehumet_crystals, gammafunk_ghost_split,
          serial_rivers, chequers_serial_rivers_micro_d,
          chequers_serial_rivers_small_b, chequers_serial_rivers_room_b,
          chequers_serial_rivers_small_b
D:4:      layout_basic, lemuel_crystal_altar, nicolae_tso_besieged_by_evil
D:5:      layout_layer_cave, minmay_temple_entry_glass, minivault_25
D:6:      layout_basic, gammafunk_ghost_mausoleum, uniq_edmund
D:7:      layout_loops_corners, lemuel_old_faithful, uniq_menkaure
D:8:      layout_basic, dpeg_oklobed_lair
D:9:      minmay_gate_of_8, layout_long_grid, grunt_temple_overflow_open,
          zombieorc1_lemuel, serial_shops, nicolae_shop_waterfront,
          nicolae_shop_statue_plus, nicolae_ru_the_path_less_chosen
D:10:     layout_roguey, kennysheep_generic_room_10
Lair:1:   wad_woods_04, layout_big_grid
Lair:2:   layout_misc_corridors

Skill      XL: |  1  2  3  4  5  6  7  8  9 10 11 |
---------------+----------------------------------+-----
Conjurations   | 2 3 4 5 6 8 10 11 12 | 12.0
Fire Magic     | 4 5 6 7 8 10 12 | 12.4
Spellcasting   | 4 5 6 7 8 |  8.0
Fighting       | 2 3 5 |  5.5
Dodging        | 4 |  4.0
Armour         | 2 |  2.0
Stealth        | |  2.4

Action                   |  1- 3 |  4- 6 |  7- 9 | 10-12 || total
-------------------------+-------+-------+-------+-------++-------
Melee: Short sword       |    76 |    24 |     7 |     5 ||   112
       Dagger            |       |       |       |     1 ||     1
 Cast: Foxfire           |   108 |   125 |   269 |   230 ||   732
       Shock             |       |    16 |       |       ||    16
       Sticky Flame      |       |       |    24 |    54 ||    78
       Conjure Flame     |       |       |     3 |     1 ||     4
       Fireball          |       |       |       |    15 ||    15
  Use: Scroll            |       |     6 |     9 |     3 ||    18
       Potion            |       |       |     1 |     1 ||     2
 Stab: Sleeping          |     1 |     2 |     1 |       ||     4
Armor: Robe              |    23 |    27 |    18 |    26 ||    94
Dodge: Dodged            |    65 |    75 |    64 |    68 ||   272

Table legend: (Time is in decaauts)
 A = Elapsed time spent in this place.
 B = Non-inter-level travel time spent in this place.
 C = Inter-level travel time spent in this place.
 D = Time resting spent in this place.
 E = Time spent auto-exploring this place.
 F = Levels seen in this place.
 G = Mean time per level.
                   A        B        C        D        E       F      G
               +--------+--------+--------+--------+--------+-----+--------+
         Total |  14955 |  14312 |    643 |   3358 |   8431 |  12 | 1246.2 |
       Dungeon |  13339 |  12769 |    570 |   2841 |   7618 |  10 | 1333.9 |
          Lair |   1616 |   1544 |     72 |    517 |    813 |   2 |  808.0 |
               +--------+--------+--------+--------+--------+-----+--------+

Top non-repeatable levels by time:
     D:9: 2222 daAuts
     D:2: 1743 daAuts
     D:1: 1550 daAuts
     D:7: 1492 daAuts
     D:8: 1268 daAuts
     D:3: 1239 daAuts
  Lair:1: 1174 daAuts
     D:5: 976 daAuts
     D:4: 965 daAuts
     D:6: 945 daAuts
    D:10: 934 daAuts
  Lair:2: 441 daAuts
